 Dungeon Crawl Stone Soup version 0.26.1-11-gd32895ea62 (webtiles) character file.

Game seed: 9998732258128811248

79 ubername the Digger (level 4, 0/24 HPs)
             Began as a Gargoyle Earth Elementalist on Apr 26, 2021.
             Was an Initiate of Vehumet.
             Slain by Grinder (6 damage)
             ... on level 3 of the Dungeon.
             The game lasted 00:04:11 (2515 turns).

ubername the Digger (Gargoyle Earth Elementalist)   Turns: 2515, Time: 00:04:12

Health: 0/24       AC:  9    Str: 10    XL:     4   Next: 38%
Magic:  4/8        EV: 11    Int: 16    God:    Vehumet [......]
Gold:   87         SH:  7    Dex: 10    Spells: 7/8 levels left

rFire    . . .     SeeInvis .   g - +0 whip
rCold    . . .     Faith    .   o - +0 buckler
rNeg     + . .     Spirit   .   c - +0 robe
rPois    ∞         Reflect  .   (no helmet)
rElec    +         Harm     .   l - +0 cloak
rCorr    .         Rampage  .   n - +0 pair of gloves
Will     +....                  (no boots)
Stlth    ++........             (no amulet)
HPRegen  0.08/turn              (no ring)
MPRegen  0.11/turn              (no ring)

@: no status effects
A: icy blue scales 1, large bone plates 1, strong-willed 1, negative energy
resistance 1, electricity resistance, weak 1, unbreathing, petrification
resistance, miasma immunity, AC +3
a: Renounce Religion


You were on level 3 of the Dungeon.
You worshipped Vehumet.
Vehumet was noncommittal.
You visited 1 branch of the dungeon, and saw 3 of its levels.

You collected 87 gold pieces.

Inventory:

Hand Weapons
 g - a +0 whip (weapon)
 h - a +0 club
 k - a +0 dagger
Missiles
 b - 37 stones
Armour
 c - a +0 robe (worn)
 l - a +0 cloak (worn)
 n - a +0 pair of gloves (worn)
 o - a +0 buckler (worn)
Scrolls
 d - 2 scrolls of identify {unknown}
 e - a scroll of enchant armour {unknown}
 f - 2 scrolls of enchant weapon {unknown}
 i - a scroll of magic mapping {unknown}
 j - a scroll of teleportation {unknown}
Potions
 a - a potion of lignification
 m - 2 potions of might {unknown}


   Skills:
 + Level 0.1 Fighting
 + Level 1.5 Maces & Flails
 + Level 1.7 Dodging
 + Level 2.5 Stealth
 + Level 2.8 Spellcasting
 + Level 0.7 Transmutations
 + Level 4.4 Earth Magic


You had 7 spell levels left.
You knew the following spells:

 Your Spells              Type           Power        Failure   Level
a - Sandblast             Erth           32%          4%          1

Your spell library contained the following spells:

 Spells                   Type           Power        Failure   Level
 Passwall                 Tmut/Erth      8%           17%         2
 Stone Arrow              Conj/Erth      18%          36%         3
 Petrify                  Tmut/Erth      10%          73%         4
 Lee's Rapid Deconstruct  Erth           8%           80%         5


Dungeon Overview and Level Annotations

Branches:
Dungeon (3/15)

Altars:
Kikubaaqudgha
Ru
Vehumet

Annotations:
D:3 Grinder


Innate Abilities, Weirdness & Mutations

You are resistant to torment.
Your stone body is resilient. (AC +3)
You are immune to poison.
You resist negative energy. (rN+)
You are resistant to electric shocks. (rElec)
You can survive without breathing.
You are immune to petrification.
You are immune to miasma.
You are partially covered in icy blue scales. (AC +2)
You are partially covered in large bone plates. (SH +4)
You are strong-willed. (Will+)
You are weak. (Str -2)


Message History

Press: ? - help, Shift-Dir - straight line, f/p - Grinder
Aim: Grinder (heavily wounded, 23% to evade)
The blast of sand hits Grinder.
Grinder is severely wounded.
Grinder gestures at you.
You easily resist.
You closely miss Grinder.
Grinder is severely wounded.
You block Grinder's attack.
You hit Grinder.
Grinder is severely wounded.
You block Grinder's attack.
You barely miss Grinder.
Grinder is severely wounded.
Grinder hits you.
You writhe in agony.
* * * LOW HITPOINT WARNING * * *
You barely miss Grinder.
Grinder is severely wounded.
Grinder hits you.
You die...

#....# #.# #..........
####.# #.# #.#########
#.# #.# #.# ###.### #.#
#.# #.....# #.# #.#
#[###.########.######.##
#.# #......##..........#
#.###..###.##..######..#
#......###....@# #..#
#####......###5# #..#
##..###.###r#### #..#
#...# #........# #..#
#.#.# #..##.#.......#
#.#..... #.#..####.#
#.#(##.. ... .# #.#.##
#.......# ######.#.#
......#


You could see Grinder and a rat.

Vanquished Creatures
  3 adders
  An ooze (D:1)
  3 worms (D:2)
  3 leopard geckos
  An orc (D:3)
  A giant cockroach (D:2)
  3 goblins
  4 hobgoblins
  7 kobolds
  4 bats
  4 frilled lizards
  5 rats (D:1)
39 creatures vanquished.

Notes
Turn   | Place    | Note
-------+----------+-------------------------------------------
     0 | D:1      | ubername the Gargoyle Earth Elementalist began the quest
                  | for the Orb.
     0 | D:1      | Reached XP level 1. HP: 10/10 MP: 3/3
   214 | D:1      | Reached XP level 2. HP: 9/15 MP: 5/5
   442 | D:1      | Reached skill level 4 in Earth Magic
   847 | D:1      | Reached XP level 3. HP: 15/19 MP: 6/6
  1195 | D:1      | Gained mutation: You are partially covered in icy blue
                  | scales. (AC +2) [potion of mutation]
  1195 | D:1      | Gained mutation: You are weak. (Str -2) [potion of
                  | mutation]
  1195 | D:1      | Gained mutation: You are partially covered in large bone
                  | plates. (SH +4) [potion of mutation]
  1195 | D:1      | Gained mutation: You are strong-willed. (Will+) [potion of
                  | mutation]
  1441 | D:2      | Reached skill level 1 in Maces & Flails
  1683 | D:2      | Found a radiant altar of Vehumet.
  1734 | D:2      | Found an ancient bone altar of Kikubaaqudgha.
  1734 | D:2      | Found a sacrificial altar of Ru.
  1741 | D:2      | Reached XP level 4. HP: 24/24 MP: 8/8
  1741 | D:2      | Became a worshipper of Vehumet
  2497 | D:3      | Noticed Grinder
  2515 | D:3      | Slain by Grinder

Illustrated notes

Levels and vault maps discovered:
D:1:      wander_arrival_peaceful_grave, layout_basic
D:2:      layout_rooms, grunt_temple_overflow_open, serial_bayou,
          serial_bayou_pond_d, serial_bayou_pond_a, serial_bayou_shore_a,
          serial_bayou_pond_e, serial_bayou_pond_c
D:3:      layout_loops_ring, uniq_terence, uniq_robin, uniq_grinder

Skill      XL: |  1  2  3 |
---------------+----------+-----
Earth Magic    | 4 |  4.4
Maces & Flails | 1 |  1.5
Fighting       | |  0.1
Dodging        | |  1.7
Stealth        | |  2.5
Spellcasting   | |  2.8
Transmutations | |  0.7

Action                   |  1- 3 |  4- 6 || total
-------------------------+-------+-------++-------
Melee: Whip              |    65 |    62 ||   127
       Unarmed           |     7 |       ||     7
 Cast: Sandblast         |    24 |    17 ||    41
  Use: Potion            |     3 |       ||     3
 Stab: Sleeping          |     2 |     2 ||     4
Armor: Robe              |    21 |    20 ||    41
Dodge: Dodged            |    44 |    37 ||    81
Block: Other             |     9 |     7 ||    16
       Buckler           |       |     7 ||     7
